 Dungeon Crawl Stone Soup version 0.21-a0-402-gcbae7d1 (webtiles) character file.

268 SCCSCCS the Ducker (level 6, -2/48 HPs)
             Began as a Draconian Enchanter on Oct 26, 2017.
             Was a Follower of Wu Jian.
             Slain by an orc warrior
             ... wielding a +0 battleaxe
              (26 damage)
             ... on level 5 of the Dungeon.
             The game lasted 00:12:27 (3524 turns).

SCCSCCS the Ducker (Draconian Enchanter)            Turns: 3524, Time: 00:12:29

Health: -2/48      AC:  9    Str: 10    XL:     6   Next: 0%
Magic:  9/9        EV: 18    Int: 16    God:    Wu Jian [*.....]
Gold:   192        SH:  3    Dex: 13    Spells: 9/10 levels left

rFire    . . .     SeeInvis .   o - +0 falchion
rCold    . . .     Gourm    .   (no shield)
rNeg     . . .     Faith    .   (armour unavailable)
rPois    .         Spirit   .   (helmet restricted)
rElec    .         Reflect  +   m - scarf {repulsion}
rCorr    .         Harm     .   k - +2 pair of gloves
MR       .....                  (no boots)
Stlth    ++........             q - +3 amulet of reflection
HPRegen  0.16/turn              d - +2 ring of evasion
MPRegen  0.11/turn              e - +3 ring of evasion

@: repel missiles
A: unfitting armour, cold-blooded, AC +6
a: Renounce Religion


You were on level 5 of the Dungeon.
You worshipped Wu Jian.
Wu Jian was aware of your devotion.
You were not hungry.

You visited 1 branch of the dungeon, and saw 5 of its levels.

You collected 192 gold pieces.

Inventory:

Hand Weapons
 a - a +1 dagger
 o - a +0 falchion (weapon)
Armour
 k - a +2 pair of gloves (worn)
 m - a scarf of repulsion (worn)
Jewellery
 d - a +2 ring of evasion (left hand)
 e - a +3 ring of evasion (right hand)
 q - a +3 amulet of reflection (around neck)
Scrolls
 f - 4 scrolls of enchant armour
 p - a scroll of recharging
Potions
 g - 3 potions of curing
 h - 2 potions of agility {unknown}
 l - a potion of mutation {unknown}
 n - a potion of berserk rage {unknown}
 s - 3 potions of degeneration
 t - a potion of heal wounds {unknown}
Books
 b - a book of Maledictions

   Spells                             Type                      Level
   a - Corona                         Hexes                        1
   b - Ensorcelled Hibernation        Hexes/Ice                    2
   c - Confuse                        Hexes                        3
   d - Tukima's Dance                 Hexes                        3
   e - Dazzling Spray                 Conjuration/Hexes            3
Comestibles
 c - 2 bread rations
 i - 3 royal jellies
 j - 2 meat rations


   Skills:
 * Level 2.2 Fighting
 - Level 2.8(3.2) Short Blades
 * Level 2.0(2.7) Long Blades
 * Level 3.7 Dodging
 - Level 2.6 Stealth
 - Level 2.6 Spellcasting
 - Level 2.6 Hexes


You had 9 spell levels left.
You knew the following spells:

 Your Spells              Type           Power        Failure   Level  Hunger
a - Corona                Hex            ##.....      6%          1    #......


Dungeon Overview and Level Annotations

Branches:
Dungeon (5/15)
 Temple: D:4-7

Altars:
Wu Jian
Yredelemnul

Shops:
D:4 [


Innate Abilities, Weirdness & Mutations

Your plain brown scales are hard. (AC +6)
You cannot fit into any form of body armour.
You are cold-blooded and may be slowed by cold attacks.


Message History

You hit the orc warrior.
The orc warrior is moderately wounded.
The orc priest closely misses you. The orc warrior closely misses you.
You barely miss the orc warrior.
Your tail-slap misses the orc warrior.
The orc warrior is moderately wounded.
The orc priest closely misses you. The orc warrior closely misses you.
You closely miss the orc warrior.
The orc warrior is moderately wounded.
The orc priest closely misses you.
You barely miss the orc warrior.
The orc warrior is moderately wounded.
The orc warrior hits you with a battleaxe!
The orc priest misses you.
You hit the orc warrior but do no damage.
You tail-slap the orc warrior, but do no damage.
The orc warrior is moderately wounded.
The orc priest barely misses you.
The orc warrior hits you with a battleaxe!!
Ouch! That really hurt!
You die...

# #. .. .# ## . .# #.#
... .###.#
.....#####.#.#
....ooo@....#
....#o#####.# . #
##.## ###...# #...#.#
#.#...# ##.####.#####
........##############
.#.#####.............#


You could see an orc warrior, an orc priest, an orc wizard and an orc.

Vanquished Creatures
  A scorpion (D:4)
  An orc priest (D:4)
  An orc wizard (D:4)
  4 adders
  2 adder skeletons
  A worm (D:3)
  2 dart slugs
  4 leopard geckos
  13 orcs
  A ball python (D:1)
  6 giant cockroaches
  8 goblins
  6 hobgoblins
  7 jackals
  11 kobolds
  A quokka (D:2)
  11 bats
  A frilled lizard (D:1)
  2 gnoll zombies (D:3)
  A rat (D:1)
84 creatures vanquished.

Notes
Turn   | Place    | Note
-------+----------+-------------------------------------------
     0 | D:1      | SCCSCCS the Draconian Enchanter began the quest for the Orb.
     0 | D:1      | Reached XP level 1. HP: 14/14 MP: 3/3
    97 | D:1      | Reached skill level 2 in Dodging
   140 | D:1      | Reached XP level 2. HP: 15/20 MP: 5/5
   739 | D:1      | Reached XP level 3. HP: 19/26 MP: 6/6
  1573 | D:2      | Reached XP level 4. HP: 29/33 MP: 7/7
  1872 | D:3      | Reached skill level 3 in Dodging
  1965 | D:3      | Found a faded altar of an unknown god.
  1992 | D:3      | Became a worshipper of the Wu Jian Council
  1992 | D:3      | Reached * piety under Wu Jian
  2489 | D:3      | Found a basalt altar of Yredelemnul.
  2600 | D:4      | Reached skill level 1 in Fighting
  2600 | D:4      | Reached skill level 1 in Long Blades
  2600 | D:4      | Reached XP level 5. HP: 30/40 MP: 8/8
  3072 | D:4      | Found Qoumunor's Antique Armour Boutique.
  3200 | D:4      | Reached XP level 6. HP: 41/48 MP: 9/9
  3454 | D:5      | Entered Level 5 of the Dungeon
  3504 | D:5      | Noticed an orc warrior
  3524 | D:5      | Slain by an orc warrior

Vault maps used:
D:1:      dpeg_arrival_court, minmay_misc_feat_iff
D:2:      minmay_kobold_bridge
D:3:      lemuel_zombie_altar_yredelemnul, chequers_ecumenical_altar_island
D:4:      first_bread, serial_shops, nicolae_shop_overgrown_old_shop
D:5:      overflow_temple_1_default, minmay_temple_entry_butterflies

Skill      XL: |  1  2  3  4  5 |
---------------+----------------+-----
Dodging        | 2 3 |  3.7
Short Blades   | 2 |  2.8
Fighting       | 1 2 |  2.2
Long Blades    | 1 2 |  2.0
Stealth        | |  2.6
Spellcasting   | |  2.6
Hexes          | |  2.6

Action                   |  1- 3 |  4- 6 || total
-------------------------+-------+-------++-------
Melee: Dagger            |   158 |    88 ||   246
       Tailslap          |    10 |    28 ||    38
       Falchion          |       |   145 ||   145
  Use: Scroll            |     3 |     7 ||    10
       Potion            |     1 |       ||     1
 Stab: Sleeping          |     4 |     4 ||     8
  Eat: Chunk             |     2 |     7 ||     9
Armor: Skin              |    64 |    60 ||   124
Dodge: Dodged            |   121 |   225 ||   346
       Deflected         |       |     1 ||     1
Block: Other             |       |     2 ||     2
       Rpst.: Falchion   |       |    41 ||    41

Table legend:
 A = Spawn XP
 B = Non-spawn XP
 C = Spawn XP percentage of total XP
 D = Spawn monster count
 E = Non-spawn monster count
 F = Spawn count percentage of total count
 G = Total turns spent on level
                    A         B        C        D         E        F      G
               +---------+---------+-------+---------+---------+-------+---------
         Total |       0 |     383 |   0.0 |       0 |      84 |   0.0 |  3524
               +---------+---------+-------+---------+---------+-------+---------
           D:1 |       0 |      43 |   0.0 |       0 |      24 |   0.0 |   794
           D:2 |       0 |      63 |   0.0 |       0 |      21 |   0.0 |  1005
           D:3 |       0 |      71 |   0.0 |       0 |      21 |   0.0 |   741
           D:4 |       0 |     206 |   0.0 |       0 |      18 |   0.0 |   914
               +---------+---------+-------+---------+---------+-------+---------
